[Event "Titled Tuesday Blitz March 14 Late 2023"]
[White "Zampronha, Wladimir Camilo"]
[Black "Mendez Machado, Andre"]
[WhiteFideId "2103087"]
[BlackFideId "6603793"]
[WhiteElo "2176"]
[BlackElo "1984"]
[Result "1-0"]
[Round "09"]
[TimeControl "180+2"]
[Date "2023.03.14"]
[WhiteClock "0:00:12"]
[BlackClock "0:00:08"]

1. e4 e5 2. Nf3 Nc6 3. d4 exd4 4. Nxd4 Bc5 5. Be3 Qf6 6. c3 Nge7 7. Bc4 O-O 8. O-O Qg6 9. Nd2 d6 10. Nxc6 Nxc6 11. Bxc5 dxc5 12. f4 Bg4 13. Qe1 Rad8 14. Bd5 Ne7 15. Bb3 Bc8 16. Nf3 Qb6 17. Qf2 Ng6 18. f5 Ne7 19. Ne5 Nc6 20. Nxc6 Qxc6 21. e5 c4 22. Bc2 Rd5 23. Rae1 Qc5 24. Qxc5 Rxc5 25. Rf4 Re8 26. Rd4 Kf8 27. Rde4 Bxf5 28. R4e2 Bxc2 29. Rxc2 Rcxe5 30. Rd1 Re1+ 31. Rxe1 Rxe1+ 32. Kf2 Ra1 33. a3 Rb1 34. Rd2 Ke7 35. Ke3 Rh1 36. h3 Rf1 37. Kd4 Rf4+ 38. Kc5 Re4 39. Rf2 f6 40. Rd2 c6 41. a4 b6+ 42. Kxc6 Re5 43. Rd7+ Ke6 44. Rxa7 Re2 45. Kxb6 Rxb2+ 46. Kc5 Rxg2 47. a5 f5 48. a6 f4 49. Ra8 f3 50. a7 f2 51. Re8+ Kf7 52. a8=Q Rg5+ 53. Kb4 f1=Q 54. Rf8+ Kg6 55. Rxf1 Rf5 56. Rxf5 Kxf5 57. Qd5+ Kg6 58. Qxc4 Kh5 59. Qd3 g5 60. Qxh7# 1-0


[Site "https://www.chess.com"]

[Event "Titled Tuesday Blitz March 14 Late 2023"]
[White "Torres Dominguez, David"]
[Black "Barash, Anton"]
[WhiteFideId "2220857"]
[BlackFideId "30935229"]
[WhiteElo "1999"]
[BlackElo "2319"]
[Result "0-1"]
[Round "09"]
[TimeControl "180+2"]
[Date "2023.03.14"]
[WhiteClock "0:00:02"]
[BlackClock "0:00:42"]

1. e4 e6 2. d4 d5 3. exd5 exd5 4. Bd3 Bd6 5. Qf3 Nf6 6. h3 O-O 7. Ne2 Re8 8. Nc3 c6 9. Bf4 Bxf4 10. Qxf4 Qb6 11. O-O-O Nbd7 12. g4 Nf8 13. g5 Ne4 14. Nxe4 dxe4 15. Bxe4 Ne6 16. Qg3 Qa5 17. Kb1 Qxg5 18. Qd3 Qh6 19. Rhg1 g6 20. Ng3 Nf4 21. Qa3 Be6 22. Bf5 Nxh3 23. Bxh3 Qxh3 24. Rh1 Qg2 25. Rdg1 Qxf2 26. Ne4 Qxd4 27. Ng5 Bd5 28. Qh3 Bxh1 29. Qxh1 h5 30. Nf3 Qe4 31. Qxh5 Rad8 32. Qh3 Qe1+ 0-1


[Site "https://www.chess.com"]

[Event "Titled Tuesday Blitz March 14 Late 2023"]
[White "Smith, Garrett L"]
[Black "Burke, Paul"]
[WhiteFideId "2024829"]
[BlackFideId "2605767"]
[WhiteElo "2282"]
[BlackElo "1865"]
[Result "1-0"]
[Round "09"]
[TimeControl "180+2"]
[Date "2023.03.14"]
[WhiteClock "0:00:53"]
[BlackClock "0:00:03"]

1. e4 e5 2. Nf3 Nc6 3. Bc4 Be7 4. O-O Nf6 5. Re1 Nxe4 6. Rxe4 d5 7. Bxd5 Qxd5 8. Nc3 Qd8 9. h3 O-O 10. d3 f5 11. Re1 Bf6 12. Bd2 Kh8 13. a4 Be6 14. a5 h6 15. a6 b6 16. Ra4 Bf7 17. Nh2 Bg6 18. Ne2 e4 19. dxe4 fxe4 20. Bc3 1-0


[Site "https://www.chess.com"]

[Event "Titled Tuesday Blitz March 14 Late 2023"]
[White "Antonio, Jorge Carlos"]
[Black "Vargas Pereda, Jesus Manue"]
[WhiteFideId "113190"]
[BlackFideId "5115710"]
[WhiteElo "2247"]
[BlackElo "1914"]
[Result "0-1"]
[Round "09"]
[TimeControl "180+2"]
[Date "2023.03.14"]
[WhiteClock "0:01:01"]
[BlackClock "0:01:46"]

1. d4 d5 2. Nf3 Nf6 3. Bf4 c5 4. e3 Nc6 5. c3 Qb6 6. Qb3 c4 7. Qxb6 axb6 8. Nbd2 b5 9. Be2 e6 10. O-O b4 11. Ne5 Nxe5 12. Bxe5 Nd7 13. Bg3 b5 14. e4 Bb7 15. Bf3 dxe4 16. Bxe4 Bxe4 17. Nxe4 Be7 18. Nd6+ Bxd6 19. Bxd6 bxc3 20. bxc3 Nf6 21. f3 Nd5 22. Rfc1 Kd7 23. Bc5 Ra4 24. a3 Rha8 25. Rab1 Kc6 26. Kf2 Rxa3 27. Bxa3 Rxa3 28. Rb2 Rxc3 29. Rxc3 Nxc3 30. Ke3 Nd1+ 0-1


[Site "https://www.chess.com"]

[Event "Titled Tuesday Blitz March 14 Late 2023"]
[White "Ardila, Oscar Humberto"]
[Black "Gharamian, Tigran"]
[WhiteFideId "4404742"]
[BlackFideId "13301527"]
[WhiteElo "1911"]
[BlackElo "2632"]
[Result "1-0"]
[Round "09"]
[TimeControl "180+2"]
[Date "2023.03.14"]
[WhiteClock "0:00:24"]
[BlackClock "0:00:20"]

1. d4 Nf6 2. Nf3 d5 3. Ne5 Bf5 4. e3 e6 5. Be2 Bd6 6. f4 h6 7. O-O Nbd7 8. Nd2 Qe7 9. c4 c6 10. c5 Bc7 11. b4 Ne4 12. Nxe4 Bxe4 13. Bh5 Bxe5 14. fxe5 g6 15. Bf3 f5 16. Bd2 O-O 17. Be2 Rf7 18. Qe1 Raf8 19. Qg3 Rg7 20. a4 Qg5 21. b5 Qxg3 22. hxg3 g5 23. Ra2 Rff7 24. Rb2 Nf8 25. Bh5 Re7 26. Ba5 Rd7 27. bxc6 bxc6 28. Rff2 Rb7 29. Be8 Rxb2 30. Rxb2 f4 31. exf4 gxf4 32. gxf4 Ng6 33. Bxc6 Nxf4 34. Rb8+ Kh7 35. Rb7 Nxg2 36. Rxg7+ Kxg7 37. Bd7 Nh4 38. c6 Ng6 39. c7 Ne7 40. Bb4 Nc8 41. Bxc8 1-0


[Site "https://www.chess.com"]

[Event "Titled Tuesday Blitz March 14 Late 2023"]
[White "Tarnowska, Aleksandra"]
[Black "Friedel, Tom"]
[WhiteFideId "1180967"]
[BlackFideId "2002108"]
[WhiteElo "1776"]
[BlackElo "2264"]
[Result "0-1"]
[Round "09"]
[TimeControl "180+2"]
[Date "2023.03.14"]
[WhiteClock "0:00:13"]
[BlackClock "0:00:28"]

1. e4 c6 2. d4 d5 3. Nc3 dxe4 4. Nxe4 Nf6 5. Nxf6+ exf6 6. Nf3 Bd6 7. Be3 O-O 8. Bd3 Re8 9. Qd2 Bg4 10. h3 Bxf3 11. gxf3 Nd7 12. O-O-O Nf8 13. h4 Qd7 14. h5 f5 15. Rdg1 Rad8 16. Kb1 f4 17. Bxf4 Bxf4 18. Qxf4 Qxd4 19. Qg3 c5 20. a3 c4 21. Rh4 Qf6 22. Rxc4 Ne6 23. h6 g6 24. Rf4 Qe5 25. Rb4 Qxg3 26. fxg3 Nc5 27. Be4 b6 28. Bc6 Re3 29. Rf4 f5 30. g4 Ne6 31. Rb4 f4 32. Bb5 Ng5 33. Bc4+ Kf8 34. Ra4 Nxf3 35. Rc1 Nd2+ 36. Ka2 Nxc4 37. Rxc4 f3 38. Rf4+ Ke7 39. Rf1 Rf8 40. Rd4 f2 41. c3 Re1 42. Rd1 Rxd1 43. Rxd1 f1=Q 44. Rxf1 Rxf1 45. g5 Rg1 46. a4 Rxg5 47. b4 Rh5 48. Ka3 Rxh6 49. a5 bxa5 50. bxa5 Rh4 51. Kb3 Kd6 52. c4 Kc5 53. a6 Rxc4 54. Ka3 Rb4 55. Ka2 Rb6 56. Ka1 Rxa6+ 57. Kb2 Rb6+ 58. Kc2 Kd4 59. Kd2 Rb3 60. Ke2 a5 61. Kf2 a4 62. Ke1 a3 63. Kd2 Rb2+ 64. Kc1 Rh2 65. Kb1 g5 66. Ka1 g4 67. Kb1 g3 68. Ka1 Rf2 69. Kb1 g2 70. Kc1 g1=Q# 0-1


[Site "https://www.chess.com"]

[Event "Titled Tuesday Blitz March 14 Late 2023"]
[White "Eliteplayer3"]
[Black "Gamage, Wanshini Vidusama"]
[BlackFideId "9953752"]
[WhiteElo "2111"]
[BlackElo "2261"]
[Result "1-0"]
[Round "09"]
[TimeControl "180+2"]
[Date "2023.03.14"]
[WhiteClock "0:00:08"]
[BlackClock "0:00:04"]

1. d4 Nf6 2. Bf4 d5 3. Nf3 c5 4. e3 Nc6 5. c3 Qb6 6. dxc5 Qxb2 7. Nbd2 Qxc3 8. Bc7 e6 9. Rc1 Qb4 10. a4 Bxc5 11. Bb5 O-O 12. h3 Bd7 13. Rb1 Qc3 14. Rb3 Bb4 15. Rxc3 Bxc3 16. O-O Rfc8 17. Bg3 a6 18. Bd3 Nb4 19. Qb1 Bxa4 20. Rc1 b5 21. Ne5 Bxd2 22. Rf1 Bc3 23. Ng4 Nxd3 24. Nxf6+ Bxf6 25. Qxd3 Bc2 26. Qa3 a5 27. Rc1 b4 28. Qa2 b3 29. Qa3 b2 30. Rf1 b1=Q 31. Rxb1 Bxb1 32. Qb3 Bc2 33. Qb7 a4 34. Bd6 a3 35. Bxa3 Rcb8 36. Qc7 Bd8 37. Qd6 Rxa3 38. Qxa3 Bf6 39. Qd6 Rc8 40. Qd7 Bg6 41. Qxc8+ 1-0


[Site "https://www.chess.com"]

[Event "Titled Tuesday Blitz March 14 Late 2023"]
[White "Simonovic, Miroslav"]
[Black "Elissalt Cardenas, Hector"]
[WhiteFideId "919152"]
[BlackFideId "3500632"]
[WhiteElo "2042"]
[BlackElo "2202"]
[Result "0-1"]
[Round "09"]
[TimeControl "180+2"]
[Date "2023.03.14"]
[WhiteClock "0:00:04"]
[BlackClock "0:00:32"]

1. d4 d5 2. Bg5 Nf6 3. Bxf6 exf6 4. e3 c6 5. c4 Be6 6. cxd5 Bxd5 7. Nc3 f5 8. a3 g6 9. Nge2 Na6 10. Nxd5 Qxd5 11. Nc3 Qa5 12. b4 Qb6 13. Na4 Qc7 14. Bxa6 bxa6 15. Qc2 a5 16. Nc5 axb4 17. axb4 Bd6 18. g3 O-O 19. O-O h5 20. Rfc1 h4 21. Na6 Qe7 22. Qxc6 hxg3 23. hxg3 Bxg3 24. fxg3 Qxe3+ 25. Kg2 Qd2+ 26. Kf3 Qd3+ 27. Kg2 Qe2+ 28. Kg1 Rac8 29. Qxc8 Rxc8 30. Rxc8+ Kg7 31. Rcc1 Qe3+ 32. Kg2 Qd2+ 33. Kh3 Qxd4 34. Rd1 Qg4+ 35. Kg2 Qe2+ 36. Kg1 Qf3 37. Kh2 Qf2+ 38. Kh3 g5 39. Rh1 Kg6 40. Raf1 Qe2 41. Nc5 g4+ 42. Kh4 Qe7# 0-1


[Site "https://www.chess.com"]

[Event "Titled Tuesday Blitz March 14 Late 2023"]
[White "Comas Fabrego, Lluis"]
[Black "Sarkar, Justin"]
[WhiteFideId "2200325"]
[BlackFideId "2010011"]
[WhiteElo "2523"]
[BlackElo "2189"]
[Result "1-0"]
[Round "09"]
[TimeControl "180+2"]
[Date "2023.03.14"]
[WhiteClock "0:00:24"]
[BlackClock "0:00:01"]

1. Nf3 Nf6 2. c4 g6 3. g3 Bg7 4. Bg2 O-O 5. O-O d6 6. d4 Nc6 7. Nc3 Bg4 8. h3 Bxf3 9. Bxf3 Nd7 10. Bxc6 bxc6 11. Be3 e5 12. Qd2 exd4 13. Bxd4 Ne5 14. b3 c5 15. Bxe5 Bxe5 16. Rad1 Qd7 17. Kg2 Rae8 18. Nd5 f5 19. e3 c6 20. Nc3 Rd8 21. f4 Bg7 22. Rfe1 Rfe8 23. Re2 Qe6 24. Qd3 Re7 25. Na4 Red7 26. e4 Bd4 27. exf5 Qxf5 28. Qxf5 gxf5 29. Rde1 Kf7 30. Nb2 d5 31. Nd3 dxc4 32. bxc4 Rb8 33. Ne5+ Bxe5 34. Rxe5 Rb2+ 35. R1e2 Rxe2+ 36. Rxe2 Kf6 37. Re5 Rd2+ 38. Kf3 1-0


[Site "https://www.chess.com"]

[Event "Titled Tuesday Blitz March 14 Late 2023"]
[White "Jenkins, Drake"]
[Black "Hartikainen, Jarmo"]
[WhiteFideId "2022397"]
[BlackFideId "503134"]
[WhiteElo "2237"]
[BlackElo "2170"]
[Result "1-0"]
[Round "09"]
[TimeControl "180+2"]
[Date "2023.03.14"]
[WhiteClock "0:01:41"]
[BlackClock "0:00:04"]

1. Nf3 Nf6 2. g3 g6 3. c4 c5 4. d4 Bg7 5. Bg2 O-O 6. Nc3 e6 7. O-O cxd4 8. Nxd4 a6 9. b3 Nc6 10. Bb2 Qc7 11. Rc1 Nxd4 12. Qxd4 Rb8 13. Ba3 Nd5 14. Nxd5 exd5 15. Qxd5 b6 16. Bd6 Qa7 17. Bxb8 Qxb8 18. c5 bxc5 19. Qxc5 Bb7 20. Bxb7 Qxb7 21. Rfd1 Re8 22. e3 Qf3 23. Rxd7 Bh6 24. Rd3 Qe2 25. Qc2 Qf3 26. Rcd1 Bg7 27. Rd8 Rxd8 28. Rxd8+ Bf8 29. Qc8 Qd1+ 30. Rxd1 1-0


[Site "https://www.chess.com"]

[Event "Titled Tuesday Blitz March 14 Late 2023"]
[White "lisjakzlatko1"]
[Black "Souza, Gustavo Horokoski De"]
[BlackFideId "2146584"]
[WhiteElo "2137"]
[BlackElo "1859"]
[Result "1-0"]
[Round "09"]
[TimeControl "180+2"]
[Date "2023.03.14"]
[WhiteClock "0:00:36"]
[BlackClock "0:00:09"]

1. e4 e6 2. d4 d5 3. e5 c5 4. c3 Nc6 5. Nf3 Nge7 6. Bd3 Bd7 7. O-O Qb6 8. dxc5 Qxc5 9. b4 Qb6 10. a4 a6 11. Bf4 Ng6 12. Bg3 Rc8 13. Re1 Be7 14. Nbd2 O-O 15. h4 d4 16. h5 Nh8 17. Ne4 dxc3 18. Nfg5 Rfd8 19. Qg4 g6 20. Qh4 h6 21. hxg6 Bxg5 22. Nxg5 Nxg6 23. Qxh6 Be8 24. Qh7+ Kf8 25. Bxg6 fxg6 26. Nxe6# 1-0


[Site "https://www.chess.com"]

[Event "Titled Tuesday Blitz March 14 Late 2023"]
[White "Dorato, Adriano"]
[Black "Desideri, Ricardo Maruchi"]
[WhiteFideId "2802894"]
[BlackFideId "2110440"]
[WhiteElo "1709"]
[BlackElo "1945"]
[Result "0-1"]
[Round "09"]
[TimeControl "180+2"]
[Date "2023.03.14"]
[WhiteClock "0:00:18"]
[BlackClock "0:01:15"]

1. d4 Nf6 2. Nf3 d6 3. e3 g6 4. Be2 Bg7 5. O-O O-O 6. b3 b6 7. Bb2 Bb7 8. c4 Nbd7 9. Nc3 e5 10. dxe5 dxe5 11. Qc2 Re8 12. Rad1 e4 13. Nd4 Qe7 14. Rd2 a6 15. Rfd1 c5 16. Ba3 Qe5 17. f4 Qc7 18. Ndb5 axb5 19. Nxb5 Qc6 20. Rd6 Qc8 21. Rxb6 Nxb6 0-1


[Site "https://www.chess.com"]

[Event "Titled Tuesday Blitz March 14 Late 2023"]
[White "Bortnyk, Olexandr"]
[Black "Erigaisi Arjun"]
[WhiteFideId "14120828"]
[BlackFideId "35009192"]
[WhiteElo "2734"]
[BlackElo "2737"]
[Result "1/2-1/2"]
[Round "10"]
[TimeControl "180+2"]
[Date "2023.03.14"]
[WhiteClock "0:00:21"]
[BlackClock "0:00:43"]

1. d4 d5 2. Nc3 e6 3. e4 Bb4 4. Qd3 dxe4 5. Qxe4 Nf6 6. Qh4 b6 7. Bg5 Bb7 8. Nf3 h6 9. Ne5 a6 10. O-O-O Bxc3 11. bxc3 Qe7 12. Kb2 Nbd7 13. Nxd7 Kxd7 14. Bxf6 Qxf6 15. Qxf6 gxf6 16. c4 Ke7 17. Rg1 c5 18. dxc5 bxc5 19. Kc3 Rhd8 20. Rb1 Rab8 21. Bd3 Bc6 22. g3 f5 23. Rge1 Kf6 24. Rxb8 Rxb8 25. f4 Rc8 26. Rb1 a5 27. Rb6 a4 28. Ra6 Ke7 29. Ra7+ Bd7 30. Kd2 Rb8 31. c3 Kd6 32. Bc2 h5 33. Ra6+ Ke7 34. Ra7 Kd6 35. Ra6+ Ke7 36. Ra7 Kd6 1/2-1/2


[Site "https://www.chess.com"]

[Event "Titled Tuesday Blitz March 14 Late 2023"]
[White "Bluebaum, Matthias"]
[Black "Duda, Jan-Krzysztof"]
[WhiteFideId "24651516"]
[BlackFideId "1170546"]
[WhiteElo "2638"]
[BlackElo "2790"]
[Result "1/2-1/2"]
[Round "10"]
[TimeControl "180+2"]
[Date "2023.03.14"]
[WhiteClock "0:01:56"]
[BlackClock "0:00:42"]

1. d4 Nf6 2. c4 e6 3. Nc3 Bb4 4. e3 c5 5. Bd3 Nc6 6. Ne2 d6 7. O-O O-O 8. dxc5 dxc5 9. b3 Ne5 10. Bc2 Bd7 11. Bb2 Bc6 12. f3 Qc7 13. Qe1 Ba5 14. Qg3 Ng6 15. Qxc7 Bxc7 16. Rfd1 a6 17. a4 Rfd8 18. Ng3 Ne7 19. Nce4 Nxe4 20. Nxe4 b6 21. Bc3 a5 22. Ng3 f6 23. Rxd8+ Rxd8 24. Rd1 Rxd1+ 25. Bxd1 Kf7 26. Bc2 h6 27. Kf2 Bd6 28. h3 Bc7 29. Bd3 Bd6 30. Bc2 Bc7 31. Bd3 Bd6 32. Bc2 1/2-1/2


[Site "https://www.chess.com"]

[Event "Titled Tuesday Blitz March 14 Late 2023"]
[White "Svane, Rasmus"]
[Black "Nakamura, Hikaru"]
[WhiteFideId "4657101"]
[BlackFideId "2016192"]
[WhiteElo "2597"]
[BlackElo "2879"]
[Result "1-0"]
[Round "10"]
[TimeControl "180+2"]
[Date "2023.03.14"]
[WhiteClock "0:00:13"]
[BlackClock "0:00:11"]

1. Nf3 d6 2. d4 g6 3. e4 Bg7 4. Bd3 e5 5. c3 Nc6 6. dxe5 dxe5 7. O-O Nf6 8. h3 O-O 9. Qe2 Qe7 10. b4 Rd8 11. Rd1 h6 12. Nbd2 Nh5 13. Nc4 a6 14. a4 Be6 15. Be3 Nf4 16. Bxf4 exf4 17. Rac1 Bxc4 18. Bxc4 Rxd1+ 19. Qxd1 Qxe4 20. Bd5 Qe7 21. Bxc6 bxc6 22. Qd2 g5 23. Qd3 a5 24. Re1 Qd6 25. Qc4 Qd5 26. Re4 axb4 27. cxb4 Rxa4 28. Re8+ Bf8 29. Qc3 Qd1+ 30. Kh2 Qd6 31. Ne5 f3 32. Qxf3 Qd5 33. Qf6 c5 34. Rxf8+ Kxf8 35. Ng6+ 1-0


[Site "https://www.chess.com"]

[Event "Titled Tuesday Blitz March 14 Late 2023"]
[White "Naroditsky, Daniel"]
[Black "Sarana, Alexey"]
[WhiteFideId "2026961"]
[BlackFideId "24133795"]
[WhiteElo "2633"]
[BlackElo "2714"]
[Result "0-1"]
[Round "10"]
[TimeControl "180+2"]
[Date "2023.03.14"]
[WhiteClock "0:00:04"]
[BlackClock "0:00:56"]

1. e4 e5 2. Nf3 Nc6 3. Bb5 a6 4. Ba4 b5 5. Bb3 Na5 6. d4 exd4 7. O-O d6 8. Nxd4 Bb7 9. Nc3 c5 10. Nf5 c4 11. Bf4 Nc6 12. Bxd6 g6 13. Bxf8 Kxf8 14. Nd6 Rb8 15. Bxc4 bxc4 16. Nxc4 Nge7 17. Qf3 Qd4 18. Ne3 Qe5 19. Ng4 Qg5 20. Rad1 h5 21. Qf6 Qxf6 22. Nxf6 Kg7 23. Nd7 Rbc8 24. Nc5 Rc7 25. Nxb7 Rxb7 26. b3 Nb4 27. Na4 Rc8 28. c4 Nxa2 29. Rd2 Nb4 30. Rfd1 a5 31. f3 Na6 32. Rd7 Rcb8 33. Rxb7 Rxb7 34. Rd6 Nb8 35. Nc5 Rc7 36. Na4 Rd7 37. Rxd7 Nxd7 38. Kf2 Kf6 39. Ke3 Ke6 40. f4 Kd6 41. e5+ Ke6 42. Kd4 Nc6+ 43. Ke4 f6 44. exf6 Nxf6+ 45. Kd3 Kf5 46. g3 Kg4 47. Nc3 Kh3 48. Ne4 Nxe4 49. Kxe4 Kxh2 50. c5 Kxg3 51. Kd5 Nb4+ 0-1


[Site "https://www.chess.com"]

[Event "Titled Tuesday Blitz March 14 Late 2023"]
[White "Daneshvar, Bardiya"]
[Black "Dubov, Daniil"]
[WhiteFideId "12576468"]
[BlackFideId "24126055"]
[WhiteElo "2468"]
[BlackElo "2802"]
[Result "0-1"]
[Round "10"]
[TimeControl "180+2"]
[Date "2023.03.14"]
[WhiteClock "0:00:03"]
[BlackClock "0:00:05"]

1. d4 d5 2. c4 dxc4 3. Nf3 Nf6 4. e3 g6 5. Bxc4 Bg7 6. O-O O-O 7. h3 c5 8. dxc5 Nbd7 9. c6 bxc6 10. Nc3 Nb6 11. Bb3 Ba6 12. Re1 Qc7 13. Bd2 Rfd8 14. Qc1 Nfd7 15. Ne4 c5 16. Bc3 Bb7 17. Bxf7+ Kxf7 18. Neg5+ Kg8 19. Bxg7 Bxf3 20. gxf3 Qc6 21. Bc3 Rf8 22. Qd1 Nd5 23. f4 Nxc3 24. bxc3 e5 25. Qg4 Rae8 26. Qh4 Nf6 27. fxe5 Rxe5 28. Rad1 Kg7 29. f4 Re7 30. Qg3 Rfe8 31. f5 Ne4 32. Nxe4 Qxe4 33. fxg6 Kh8 34. Rd6 Rg8 35. Kh2 Reg7 36. Rg1 Qc2+ 37. Rg2 Qxc3 38. Qf4 Rxg6 39. Rdxg6 Rxg6 40. Rxg6 hxg6 41. Qh6+ Kg8 42. Qxg6+ Kf8 43. Qd6+ Kf7 44. Qd7+ Kf6 45. Qd8+ Kf5 46. Qd5+ Kf6 47. Qf3+ Ke7 48. Qb7+ Kd6 49. Qb8+ Kd5 50. Qa8+ Kc4 51. Qe4+ Kb5 52. Qb7+ Kc4 53. Qe4+ Kb5 54. Qb7+ Ka4 55. Qxa7+ Kb4 56. Qb7+ Ka3 57. Qa6+ Kb2 58. Qe2+ Ka3 59. h4 c4 60. h5 Qe5+ 61. Kh3 c3 62. Qa6+ Kb2 63. Qb7+ Ka1 64. Qh1+ Kb2 65. Qb7+ Kxa2 66. Qa8+ Kb2 67. Qb7+ Kc1 68. Qh1+ Kd2 69. Qg2+ Kd3 70. Qg6+ Qe4 71. Qxe4+ Kxe4 72. h6 c2 73. h7 c1=Q 0-1


[Site "https://www.chess.com"]

[Event "Titled Tuesday Blitz March 14 Late 2023"]
[White "Pranav, V"]
[Black "Caruana, Fabiano"]
[WhiteFideId "25060783"]
[BlackFideId "2020009"]
[WhiteElo "2500"]
[BlackElo "2818"]
[Result "0-1"]
[Round "10"]
[TimeControl "180+2"]
[Date "2023.03.14"]
[WhiteClock "0:00:02"]
[BlackClock "0:00:25"]

1. e4 e5 2. Nf3 Nc6 3. Bb5 a6 4. Ba4 Nf6 5. O-O b5 6. Bb3 Bc5 7. c3 d6 8. d4 Bb6 9. a4 Rb8 10. Qd3 Bd7 11. Bg5 h6 12. Bh4 g5 13. Bg3 Nh5 14. axb5 axb5 15. dxe5 Nxg3 16. hxg3 g4 17. Nh4 Nxe5 18. Qe2 Qg5 19. Na3 O-O 20. Nc2 Kh8 21. Nb4 Be6 22. Bd5 Rbe8 23. Qxb5 Bd7 24. Qe2 f5 25. exf5 Bxf5 26. Qd1 Bh7 27. b3 Rxf2 28. Rxf2 Qe3 29. Kh2 Qxf2 30. Qf1 Rf8 31. Qxf2 Rxf2 32. Nc6 Nxc6 33. Bxc6 Kg7 34. Bd7 h5 35. Be8 Kh6 36. Re1 Bg8 37. c4 d5 38. Bb5 d4 39. Re8 Kg7 40. Rd8 Be6 41. Re8 Kf7 42. Rh8 d3 43. Rd8 d2 44. c5 Bxc5 45. Bc4 Bxc4 46. bxc4 Rf1 47. Rxd2 Bg1+ 48. Kh1 Be3+ 0-1


[Site "https://www.chess.com"]

[Event "Titled Tuesday Blitz March 14 Late 2023"]
[White "Ibarra Jerez, Jose Carlos"]
[Black "Lazavik, Denis"]
[WhiteFideId "2226332"]
[BlackFideId "13515110"]
[WhiteElo "2638"]
[BlackElo "2560"]
[Result "0-1"]
[Round "10"]
[TimeControl "180+2"]
[Date "2023.03.14"]
[WhiteClock "0:00:05"]
[BlackClock "0:00:28"]

1. e4 c5 2. Nf3 e6 3. c3 d5 4. exd5 Qxd5 5. d4 Nf6 6. Be3 cxd4 7. cxd4 Bb4+ 8. Nc3 Qa5 9. Qb3 O-O 10. Bd3 b6 11. O-O Ba6 12. Bxa6 Nxa6 13. Ne5 Bxc3 14. bxc3 Qd5 15. c4 Qb7 16. a4 Nc7 17. a5 b5 18. a6 Nxa6 19. cxb5 Nc7 20. Rfb1 Ncd5 21. Ra6 Ne4 22. Qd3 Nef6 23. Nc6 Nc7 24. Raa1 Nfd5 25. h3 h6 26. Na5 Qc8 27. Nc6 a6 28. bxa6 Rxa6 29. Rxa6 Qxa6 30. Qxa6 Nxa6 31. Rb7 Rc8 32. Ne7+ Nxe7 33. Rxe7 Nb4 34. Rb7 Nd5 35. Rb2 Rc3 36. Re2 Kh7 37. g3 Kg6 38. Kg2 Rd3 39. Kf3 f5 40. Ra2 Kf6 41. Ke2 Rb3 42. Rc2 g5 43. Rd2 f4 44. gxf4 gxf4 45. Rd3 Rxd3 46. Kxd3 fxe3 47. fxe3 Kg5 48. Ke4 Kh4 49. Ke5 Nxe3 50. Kxe6 Kxh3 51. Ke5 h5 52. Kf4 Nc4 53. d5 h4 54. Kf3 Nd6 55. Kf2 Kg4 56. Kg2 h3+ 57. Kh2 Kh4 58. Kg1 Kg3 59. Kh1 Ne4 60. Kg1 h2+ 61. Kf1 h1=Q+ 0-1


[Site "https://www.chess.com"]

[Event "Titled Tuesday Blitz March 14 Late 2023"]
[White "Deac, Bogdan-Daniel"]
[Black "Van Foreest, Jorden"]
[WhiteFideId "1226380"]
[BlackFideId "1039784"]
[WhiteElo "2649"]
[BlackElo "2633"]
[Result "1-0"]
[Round "10"]
[TimeControl "180+2"]
[Date "2023.03.14"]
[WhiteClock "0:00:07"]
[BlackClock "0:00:12"]

1. d4 d5 2. c4 c6 3. Nf3 Nf6 4. Nc3 dxc4 5. a4 e6 6. e3 c5 7. Bxc4 Nc6 8. O-O Be7 9. Qe2 O-O 10. Rd1 Bd7 11. e4 Nxd4 12. Nxd4 cxd4 13. Rxd4 Qb6 14. Rd1 Bc6 15. a5 Qb4 16. Bd2 Qc5 17. Be3 Qb4 18. Bd2 Qc5 19. a6 bxa6 20. Rxa6 Rfd8 21. Be3 Rxd1+ 22. Nxd1 Qd6 23. e5 Qd7 24. exf6 Bxf6 25. Qd2 Qb7 26. f3 Rd8 27. Qe2 Bd4 28. Bxd4 Rxd4 29. Nf2 h6 30. Ra1 Qb6 31. b3 a5 32. Qe3 Qd8 33. Qc3 Qf6 34. Bf1 h5 35. Qxc6 Rd2 36. Rd1 Rb2 37. Qc8+ Kh7 38. Qc4 g6 39. Ne4 Qf4 40. Qd4 1-0


[Site "https://www.chess.com"]

[Event "Titled Tuesday Blitz March 14 Late 2023"]
[White "Makhnev, Denis"]
[Black "Christiansen, Johan-Sebastian"]
[WhiteFideId "13707647"]
[BlackFideId "1512668"]
[WhiteElo "2525"]
[BlackElo "2517"]
[Result "1-0"]
[Round "10"]
[TimeControl "180+2"]
[Date "2023.03.14"]
[WhiteClock "0:00:17"]
[BlackClock "0:00:01"]

1. d4 Nf6 2. c4 c5 3. d5 b5 4. cxb5 a6 5. e3 e6 6. Nc3 exd5 7. Nxd5 Be7 8. b6 Nxd5 9. Qxd5 Nc6 10. Bc4 O-O 11. Nf3 Qxb6 12. O-O d6 13. Rd1 Be6 14. Qe4 d5 15. Rxd5 Bxd5 16. Bxd5 Rad8 17. Bd2 Nb4 18. Bc4 Bf6 19. Rb1 Rfe8 20. Qg4 Nd3 21. b3 Nb4 22. Bxb4 Qxb4 23. a4 a5 24. h4 Qc3 25. Qh5 g6 26. Qxc5 h5 27. Ng5 Re7 28. Rf1 Kg7 29. g3 Qe5 30. Qxe5 Bxe5 31. Nf3 Bc3 32. Rc1 Bb4 33. Kf1 Red7 34. Ke2 Ba3 35. Ra1 Bc5 36. Rb1 Re7 37. Ne1 f6 38. Nd3 Bd6 39. Rc1 Rde8 40. Bb5 Rd8 41. Rc6 Rc7 42. Ra6 Bb4 43. Bc4 Rcd7 44. Rb6 Bf8 45. Rb5 Bb4 46. Nxb4 axb4 47. Rxb4 Rd2+ 48. Kf3 Ra2 49. Rb7+ Kh6 50. e4 Rdd2 51. Bg8 Rxf2+ 52. Ke3 g5 53. Bh7 Rae2+ 54. Kd4 Rd2+ 55. Kc4 Rc2+ 56. Kb4 gxh4 57. gxh4 Rcd2 58. Bf5 Rxf5 59. exf5 Rd4+ 60. Ka3 Rxh4 61. a5 Rf4 62. a6 Rxf5 63. b4 Rf1 64. b5 Ra1+ 65. Kb4 h4 66. Rb8 Kg7 67. Rc8 h3 68. Rc2 f5 69. Rh2 1-0


[Site "https://www.chess.com"]

[Event "Titled Tuesday Blitz March 14 Late 2023"]
[White "Skvortsov, Andrei"]
[Black "Kramnik, Vladimir"]
[WhiteFideId "24108600"]
[BlackFideId "4101588"]
[WhiteElo "2259"]
[BlackElo "2712"]
[Result "0-1"]
[Round "10"]
[TimeControl "180+2"]
[Date "2023.03.14"]
[WhiteClock "0:01:01"]
[BlackClock "0:01:19"]

1. e4 c5 2. d4 cxd4 3. Qxd4 Nc6 4. Qd3 Nf6 5. Nc3 g6 6. Nf3 Bg7 7. Be2 O-O 8. O-O d6 9. Nd5 Bg4 10. c3 Nd7 11. Rd1 Rc8 12. Bg5 h6 13. Bh4 g5 14. Bg3 Nc5 15. Qc2 f5 16. exf5 Bxf5 17. Qd2 Kh8 18. Ne3 Bh7 19. h4 Ne4 20. Qe1 Nxg3 21. fxg3 Qb6 22. Qf2 Ne5 23. hxg5 hxg5 24. g4 Qxb2 25. Nd5 e6 26. Ne3 Rxc3 27. Kh1 Qb6 0-1


[Site "https://www.chess.com"]

[Event "Titled Tuesday Blitz March 14 Late 2023"]
[White "Ruiz Castillo, Joshua Daniel"]
[Black "Chigaev, Maksim"]
[WhiteFideId "4400704"]
[BlackFideId "4108116"]
[WhiteElo "2491"]
[BlackElo "2547"]
[Result "1-0"]
[Round "10"]
[TimeControl "180+2"]
[Date "2023.03.14"]
[WhiteClock "0:00:58"]
[BlackClock "0:00:02"]

1. b3 g6 2. Bb2 Nf6 3. Bxf6 exf6 4. c4 d5 5. cxd5 Qxd5 6. Nc3 Qa5 7. a3 c5 8. e3 Bg7 9. Nge2 O-O 10. g3 Rd8 11. Bg2 Nc6 12. O-O f5 13. b4 cxb4 14. axb4 Qxb4 15. d4 Qe7 16. Qa4 Bd7 17. Qb3 Be8 18. Rfb1 b6 19. Nd5 Qd6 20. Nb4 Na5 21. Qd3 Rac8 22. Qa6 Qd7 23. Nd5 Kh8 24. Nec3 h5 25. h4 f4 26. exf4 Bxd4 27. Rd1 Nb3 28. Qa3 Rxc3 29. Qf8+ Kh7 30. Nxc3 Nxa1 31. Ne4 Qf5 32. Rxd4 1-0


[Site "https://www.chess.com"]